 Dungeon Crawl Stone Soup version 0.32-a0-975-g85d4e5bfdb (webtiles) character file.

Game seed: 12711615667792550186

63 ragingrage the Ruffian (level 4, -1/36 HPs)
             Began as a Ghoul Warper on Apr 19, 2024.
             Was a Follower of Ru.
             Slain by Natasha (2 damage)
             ... on level 2 of the Dungeon.
             The game lasted 00:03:11 (1524 turns).

ragingrage the Ruffian (Ghoul Warper)               Turns: 1524, Time: 00:03:12

Health: -1/36      AC:  8    Str: 16    XL:     4   Next: 10%
Magic:  6/6        EV:  9    Int: 12    God:    Ru [*.....]
Gold:   120        SH:  3    Dex:  8    Spells: 6/6 levels left

rFire   . .          .
                       - Unarmed
rCold   + + .        k - +0 buckler
rNeg    + + +        j - +3 ring mail
rPois   ∞            (no helmet)
rElec   .            (no cloak)
rCorr   .            (no gloves)
SInv    .            (no boots)
Will    .....        (no amulet)
Stlth   +            l - ring of protection from cold
HPRegen 0.00/turn    (no ring)
MPRegen 0.10/turn

%: no passive effects
@: inhibited regen
A: claws 1, cold resistance 1, negative energy resistance 3, inhibited
regeneration, torment resistance 2, unskilled 1, devour on kill
a: Renounce Religion


You were on level 2 of the Dungeon.
You worshipped Ru.
Ru was aware of your devotion.
You visited 1 branch of the dungeon, and saw 2 of its levels.

You collected 120 gold pieces.

Inventory:

Missiles
 c - 7 darts of dispersal (quivered)
 e - 6 boomerangs
Armour
 j - a +3 ring mail (worn)
 k - a +0 buckler (worn)
 o - a +0 pair of boots
Jewellery
 l - a ring of protection from cold (left claw)
Scrolls
 b - a scroll of blinking
 f - 3 scrolls of identify {unknown}
 g - 2 scrolls of teleportation {unknown}
 h - a scroll of enchant armour {unknown}
 i - a scroll of amnesia {unknown}
 m - a scroll of immolation {unknown}
 n - a scroll of fog {unknown}
Potions
 a - 3 potions of might {unknown}
 d - a potion of ambrosia {unknown}


   Skills:
 - Level 2.0 Fighting
 - Level 0.7 Throwing
 - Level 0.7 Armour
 - Level 1.5 Dodging
 - Level 2.0 Stealth
 + Level 1.0 Shields
 + Level 3.3 Unarmed Combat
 - Level 1.5 Spellcasting
 - Level 2.4 Translocations


You had 6 spell levels left.
You didn't know any spells.
Your spell library contained the following spells:

 Spells                   Type           Power      Damage    Failure   Level
 Blink                    Tloc           12%        N/A       38%         2
 Lesser Beckoning         Tloc           12%        N/A       38%         2
 Maxwell's Portable Pile  Tloc           6%         2d(5-15)  63%         3
 Teleport Other           Tloc           6%         N/A       63%         3
 Vhi's Electric Charge    Tloc/Air       6%         N/A       99%         4


Dungeon Overview and Level Annotations

Branches:
Dungeon (2/15)

Altars:
Ru

Annotations:
D:2 Natasha


Innate Abilities, Weirdness & Mutations

You are immune to poison.
You have sharp fingernails.
Your flesh is cold resistant. (rC+)
You are immune to negative energy. (rN+++)
You do not regenerate when monsters are visible.
You are immune to unholy pain and torment.
You are somewhat unskilled. (-1 Apt)
You thrive by killing the living.


Message History

Natasha claws you.
You closely miss Natasha. Natasha claws you but does no damage.
You scratch Natasha. Natasha claws you.
You closely miss Natasha. Natasha claws you.
You scratch Natasha but do no damage. Natasha claws you but does no damage.
You scratch Natasha but do no damage.
Natasha stares at you and mumbles some strange words.
You feel yourself slow down.
You scratch Natasha. Natasha barely misses you.
You completely miss Natasha.
Natasha mewls in sadness.
Natasha claws you but does no damage.
Natasha stares at you and mumbles some strange words.
The magic dart hits you!
You scratch Natasha but do no damage. Natasha claws you.
You are too injured to fight recklessly!
You scratch Natasha. Natasha claws you. Natasha closely misses you.
You scratch Natasha but do no damage. You block Natasha's attack.
You barely miss Natasha.
Natasha wildly gestures.
Natasha glows brightly for a moment.
Natasha claws you.
* * * LOW HITPOINT WARNING * * *
You scratch Natasha. You block Natasha's attack.
Natasha begins to cast a spell, but is stunned by your conviction!
You closely miss Natasha. Natasha barely misses you.
You scratch Natasha. Natasha casts a spell at you. You resist with some effort.
Natasha claws you.
* * * LOW HITPOINT WARNING * * *
You barely miss Natasha.
You feel yourself speed up. You block Natasha's attack.
You barely miss Natasha. Natasha claws you.
* * * LOW HITPOINT WARNING * * *
You scratch Natasha. You block Natasha's attack.
You miss Natasha. Natasha claws you.
You die...
Natasha begins licking her fur clean.
Ru respects your ultimate sacrifice.

### ######.######
#######............
#.......####.#####.
#.####### ### #.
#.#### #. #.@h.# #.
####.# #. #.#
####### #. #.#
#.....# #. #.#
#.....# #. #.#
#.....# ## #$#
#..†..# #h# #.....#
### #.# ###.### #..


You could see Natasha.

Vanquished Creatures
  An adder (D:2)
  2 dart slugs
  5 bats
  4 endoplasms (D:1)
  2 giant cockroaches
  3 goblins
  2 hobgoblins
  4 jackals (D:1)
  3 quokkas (D:2)
  6 ball pythons
  7 frilled lizards
  6 kobolds
  3 rats
48 creatures vanquished.

Notes
Turn   | Place    | Note
-------+----------+-------------------------------------------
     0 | D:1      | ragingrage the Ghoul Warper began the quest for the Orb.
     0 | D:1      | Reached XP level 1. HP: 17/17 MP: 3/3
   122 | D:1      | Reached XP level 2. HP: 24/24 MP: 4/4
   163 | D:1      | Reached skill level 3 in Unarmed Combat
   215 | D:1      | Reached skill level 1 in Stealth
   261 | D:1      | You fall into a shaft and drop 1 floor!
   517 | D:2      | Reached XP level 3. HP: 26/29 MP: 5/5
   945 | D:1      | Found a faded altar of an unknown god.
  1071 | D:1      | Prayed at the altar of an unknown god.
  1071 | D:1      | Became a worshipper of Ru the Awakened
  1077 | D:1      | Gained mutation: You are somewhat unskilled. (-1 Apt) [Ru
                  | sacrifice]
  1077 | D:1      | Reached * piety under Ru
  1261 | D:2      | Reached XP level 4. HP: 35/36 MP: 6/6
  1452 | D:2      | Reached skill level 1 in Shields
  1494 | D:2      | Noticed Natasha
  1522 | D:2      | HP: 1/36 [Natasha (4)]
  1524 | D:2      | Slain by Natasha

Illustrated notes

Levels and vault maps discovered:
D:1:      dpeg_arrival_stone_temple_mockup, layout_loops_ring,
          ebering_ecumenical_altar_rust
D:2:      layout_loops_cross, basic_altar, uniq_natasha

Skill      XL: |  1  2  3  4 |
---------------+-------------+-----
Unarmed Combat | 3 |  3.3
Stealth        | 1 2 |  2.0
Shields        | 1 |  1.0
Fighting       | |  2.0
Throwing       | |  0.7
Armour         | |  0.7
Dodging        | |  1.5
Spellcasting   | |  1.5
Translocations | |  2.4

Action                     |  1- 3 |  4- 6 || total
---------------------------+-------+-------++-------
  Melee: Unarmed           |   134 |    44 ||   178
         Punch             |     2 |       ||     2
 Invoke: Sacrifice Skill   |     1 |       ||     1
   Stab: Distracted        |       |     1 ||     1
 Armour: Leather armour    |    35 |       ||    35
         Ring mail         |    39 |    23 ||    62
  Dodge: Dodged            |    72 |    18 ||    90
  Block: Buckler           |     9 |     7 ||    16

Table legend: (Time is in decaauts)
 A = Elapsed time spent in this place.
 B = Non-inter-level travel time spent in this place.
 C = Inter-level travel time spent in this place.
 D = Time resting spent in this place.
 E = Time spent auto-exploring this place.
 F = Levels seen in this place.
 G = Mean time per level.
                   A        B        C        D        E       F      G
               +--------+--------+--------+--------+--------+-----+--------+
         Total |   1521 |   1419 |    102 |      5 |   1053 |   2 |  760.5 |
       Dungeon |   1521 |   1419 |    102 |      5 |   1053 |   2 |  760.5 |
               +--------+--------+--------+--------+--------+-----+--------+

Top non-repeatable levels by time:
     D:1: 829 daAuts
     D:2: 692 daAuts
